AoeStats
← 150490644@

Arabia

508925625Analyzed
1v1 RM · 7d ago on Sep 24, 2026· 29m 27s· 2 players
Game mode
Random Map
Map size
Tiny (2 player)
Population
200
Speed
Normal
Resources
Standard
Victory
Conquest
Starting age
Dark Age
Ending age
Imperial Age
RankedLock teamsTeams togetherTeam positionsShared explorationLock speedFull tech treeHidden civsTurbo modeCheats
Victory
Defeat
🇮🇹 Franks · Italy
918
+15
🇺🇸 Magyars · United States
906
-27
[PGH]jayjaywalker3
8:54 Loom
10:40 Feudal Age
11:14 Man-at-Arms
11:41 Double-Bit Axe
15:41 Horse Collar
16:10 Fletching
17:30 Padded Archer Armor
20:41 Scale Mail Armor
20:51 Scale Barding Armor
23:59 Castle Age
22:24 Bloodlines
24:19 Crossbowman
24:58 Bodkin Arrow
25:10 Thumb Ring
26:04 Pikeman
150490644@
6:51 Loom
9:17 Feudal Age
10:15 Double-Bit Axe
18:16 Wheelbarrow
21:46 Castle Age
20:06 Gold Mining
21:37 Scale Barding Armor
21:42 Forging
23:13 Chain Barding Armor
23:59 Gold Shaft Mining
23:30 Husbandry
23:47 Bow Saw
29:58 Iron Casting
29:56 Hand Cart
Connection lost

Rejoining the realm…

Still unreachable

The connection could not be restored.

Session expired

The server has moved on; the page needs a fresh start.